 Dungeon Crawl Stone Soup version 0.29-a0-845-g6161e89988 (webtiles) character file.

Game seed: 14865040862471459910

39 porpoise the Poker (level 3, -2/31 HPs)
             Began as a Barachi Warper on July 16, 2022.
             Slain by a gnoll bouda
             ... wielding a +0 hand axe
              (10 damage)
             ... on level 3 of the Dungeon.
             The game lasted 00:09:18 (2678 turns).

porpoise the Poker (Barachi Warper)                 Turns: 2678, Time: 00:09:19

Health: -2/31      AC:  3    Str: 12    XL:     3   Next: 45%
Magic:  6/6        EV: 12    Int: 13    God:
Gold:   130        SH:  0    Dex: 13    Spells: 1/6 levels left

rFire   . . .      SeeInvis .   a - +0 spear
rCold   . . .      Faith    .   (no shield)
rNeg    . . .      Spirit   .   b - +0 leather armour
rPois   +          Reflect  .   (helmet restricted)
rElec   .          Harm     .   (no cloak)
rCorr   .          Rampage  .   (no gloves)
Will    .....                   (no boots)
Stlth   +.........              k - amulet of magic regeneration
HPRegen 0.10/turn               n - ring of wizardry
MPRegen 0.50/turn               (no ring)

@: brilliant, weakened, slow
A: amphibious, slowness 1, strong legs 1, +LOS, antennae 1, poison resistance,
robust 1
a: Hop


You were on level 3 of the Dungeon.
You visited 1 branch of the dungeon, and saw 3 of its levels.

You collected 130 gold pieces.

Inventory:

Hand Weapons
 a - a +0 spear (weapon)
Missiles
 d - 4 boomerangs of dispersal
 q - a poisoned dart (quivered)
Armour
 b - a +0 leather armour (worn)
 m - a +0 helmet
Jewellery
 e - a ring of fire
 k - an amulet of magic regeneration (around neck)
 n - a ring of wizardry (left hand)
Scrolls
 c - a scroll of blinking
 f - a scroll of noise {unknown}
 h - 2 scrolls of identify {unknown}
 i - a scroll of enchant weapon {unknown}
 j - 3 scrolls of teleportation {unknown}
 o - a scroll of immolation {unknown}
 r - a scroll of amnesia {unknown}


   Skills:
 + Level 3.2 Fighting
 * Level 3.3 Polearms
 - Level 1.0 Throwing
 - Level 1.2 Armour
 - Level 2.1 Dodging
 - Level 2.1 Spellcasting
 - Level 3.2 Translocations


You had one spell level left.
You knew the following spells:

 Your Spells              Type           Power      Damage    Failure   Level
a - Ozocubu's Armour      Ice            2%         N/A       34%         3
k - Blink                 Tloc           28%        N/A       4%          2

Your spell library contained the following spells:

 Spells                   Type           Power      Damage    Failure   Level
 Gell's Gravitas          Tloc           14%        N/A       10%         3
 Lesser Beckoning         Tloc           14%        N/A       10%         3
 Teleport Other           Tloc           14%        N/A       10%         3
 Manifold Assault         Tloc           14%        N/A       63%         5
 Metabolic Englaciation   Hex/Ice        1%         N/A       96%         5
 Simulacrum               Ice/Necr       1%         N/A       100%        6


Dungeon Overview and Level Annotations

Branches:
Dungeon (3/15)

Altars:


Innate Abilities, Weirdness & Mutations

You are amphibious.
You cover ground slowly.
You can hop short distances.
You have an extended range of vision and can be seen from far away.
You have a pair of small antennae on your head.
Your system is resistant to poisons. (rPois)
You are robust. (+10% HP)


Message History

You feel as though you will be weak longer.
The gnoll bouda misses you.
You hit the gnoll bouda.
The gnoll bouda is severely wounded.
The gnoll bouda closely misses you.
You closely miss the gnoll bouda.
The gnoll bouda is severely wounded.
The gnoll bouda calls upon its god to heal the gnoll.
The gnoll's wounds heal themselves!
You closely miss the gnoll bouda.
The gnoll bouda is severely wounded.
The gnoll bouda looks more healthy.
The gnoll bouda barely misses you.
You hit the gnoll bouda.
The gnoll bouda is almost dead.
Your attacks no longer feel as feeble.
The gnoll bouda gazes fiercely through you!
You feel your attacks grow feeble.
The gnoll bouda hits you with a +0 hand axe!
You hit the gnoll bouda but do no damage.
The gnoll bouda is almost dead.
The gnoll bouda prays to its god.
The gnoll bouda is healed somewhat.
You hit the gnoll bouda.
The gnoll bouda is almost dead.
The gnoll bouda gazes fiercely through you!
You feel as though you will be weak longer.
The gnoll bouda hits you with a +0 hand axe!
* * * LOW HITPOINT WARNING * * *
You hit the gnoll bouda but do no damage.
The gnoll bouda is almost dead.
The gnoll bouda barely misses you.
You hit the gnoll bouda but do no damage.
The gnoll bouda is almost dead.
The gnoll is no longer moving quickly.
The gnoll bouda barks out a call to the hunt!
The gnoll picks up the pace!
You hit the gnoll bouda.
The gnoll bouda is almost dead.
The gnoll bouda hits you with a +0 hand axe!
You die...

#.#.##.#.###.#
#.#.#......#.#
#.#.#...##.#.#
#g#.#......#.#
#.#.########.#
#.#..........#
#.############
#.#############
#..ggg@........
###############


You could see a gnoll bouda and 2 gnolls.

Vanquished Creatures
  2 adders (D:2)
  7 ball pythons
  2 endoplasms (D:1)
  A giant cockroach (D:1)
  A hobgoblin (D:1)
  2 bats
  A kobold (D:1)
  8 rats
24 creatures vanquished.

Notes
Turn   | Place    | Note
-------+----------+-------------------------------------------
     0 | D:1      | porpoise the Barachi Warper began the quest for the Orb.
     0 | D:1      | Reached XP level 1. HP: 17/17 MP: 3/3
   511 | D:1      | Reached XP level 2. HP: 2/23 MP: 5/5
  1579 | D:2      | Learned a level 2 spell: Blink
  1785 | D:2      | Reached XP level 3. HP: 8/29 MP: 6/6
  2170 | D:2      | Found a faded altar of an unknown god.
  2581 | D:3      | Learned a level 3 spell: Ozocubu's Armour
  2659 | D:3      | Gained mutation: You have a pair of small antennae on your
                  | head. [potion of mutation]
  2659 | D:3      | Gained mutation: You are robust. (+10% HP) [potion of
                  | mutation]
  2659 | D:3      | Gained mutation: Your system is resistant to poisons.
                  | (rPois) [potion of mutation]
  2678 | D:3      | Slain by a gnoll bouda

Illustrated notes

Levels and vault maps discovered:
D:1:      heliophobic_arrival_dark_side_of_the_moon, layout_basic,
          minmay_misc_feat_cross
D:2:      layout_loops_ring, hellmonk_ecumenical_altar_pennies_from_heaven,
          minmay_misc_feat_tiny, minmay_misc_feat_secret_circle, minmay_tripent
D:3:      kennysheep_six_static_rooms, layout_basic, amethyst_killhole

Skill      XL: |  1  2 |
---------------+-------+-----
Fighting       | 3 |  3.2
Polearms       | 3 |  3.3
Throwing       | |  1.0
Armour         | |  1.2
Dodging        | |  2.1
Spellcasting   | |  2.1
Translocations | |  3.2

Action                   || total
-------------------------++-------
Melee: Spear             ||   123
Throw: Boomerang         ||     3
       Dart              ||     4
 Abil: Hop               ||     1
  Use: Potion            ||     3
 Stab: Sleeping          ||     2
Armor: Leather armour    ||    22
Dodge: Dodged            ||    54

Table legend: (Time is in decaauts)
 A = Elapsed time spent in this place.
 B = Non-inter-level travel time spent in this place.
 C = Inter-level travel time spent in this place.
 D = Time resting spent in this place.
 E = Time spent auto-exploring this place.
 F = Levels seen in this place.
 G = Mean time per level.
                   A        B        C        D        E       F      G
               +--------+--------+--------+--------+--------+-----+--------+
         Total |   2913 |   2843 |     70 |   1241 |   1226 |   3 |  971.0 |
       Dungeon |   2913 |   2843 |     70 |   1241 |   1226 |   3 |  971.0 |
               +--------+--------+--------+--------+--------+-----+--------+

Top non-repeatable levels by time:
     D:2: 1495 daAuts
     D:1: 1305 daAuts
     D:3: 113 daAuts
